 Dungeon Crawl Stone Soup version 0.26-a0-662-g8b9c6dab81 (webtiles) character file.

Game seed: 16940554638425695921

11883 jiml777 the Thaumaturge (level 11, -5/86 HPs)
             Began as a Gnoll Warper on Oct 9, 2020.
             Was an Initiate of Gozag.
             Slain by a manticore (10 damage)
             ... on level 2 of the Lair of Beasts.
             The game lasted 01:00:27 (12956 turns).

jiml777 the Thaumaturge (Gnoll Warper)             Turns: 12956, Time: 01:00:27

Health: -5/86      AC: 16    Str: 14    XL:     11   Next: 84%
Magic:  12/21      EV: 13    Int: 18    God:    Gozag
Gold:   903        SH:  5    Dex: 17    Spells: 21/26 levels left

rFire    + + .     SeeInvis .   L - +3 hand axe (flame)
rCold    x . .     Faith    .   (no shield)
rNeg     . . .     Spirit   .   j - +1 fire dragon scales
rPois    .         Reflect  +   (no helmet)
rElec    .         Harm     .   F - +0 cloak
rCorr    .         Rampage  .   (no gloves)
MR       .....     Clarity  +   P - +2 pair of boots
Stlth    ++........             p - amulet of reflection
HPRegen  0.24/turn              (no ring)
MPRegen  0.17/turn              (no ring)

@: gold aura
A: distributed training, fangs 1, agile 1, clarity, low mp 1, strong nose
a: Potion Petition, Call Merchant, Bribe Branch, Renounce Religion


You were on level 2 of the Lair of Beasts.
You worshipped Gozag.
Gozag was pleased with you.
You visited 3 branches of the dungeon, and saw 12 of its levels.
You also visited: Sewer.

You collected 1720 gold pieces.
You spent 240 gold pieces at shops.
You paid 577 gold pieces to Gozag.

Inventory:

Hand Weapons
 y - a +2 whip of electrocution
 I - a +0 hunting sling of venom
 L - a +3 hand axe of flaming (weapon)
Missiles
 e - 5 boomerangs of dispersal
 r - 77 bolts
 t - 79 sling bullets
 z - 27 poisoned darts (quivered)
 A - 117 arrows
Armour
 j - +1 fire dragon scales (worn)
 F - a +0 cloak (worn)
 H - a +2 leather armour of fire resistance
 P - a +2 pair of boots (worn)
Magical Staves
 b - an uncursed staff of poison
Jewellery
 p - an amulet of reflection (around neck)
Wands
 v - a wand of digging (4)
 D - a wand of acid (10)
Scrolls
 d - 2 scrolls of blinking
 f - 3 scrolls of remove curse
 g - a scroll of amnesia
 i - 2 scrolls of magic mapping
 n - 3 scrolls of fear
 o - 5 scrolls of teleportation
 E - 2 scrolls of identify
 M - 2 scrolls of fog
Potions
 a - 2 potions of ambrosia
 l - a potion of mutation
 q - 3 potions of brilliance
 x - 3 potions of haste
 C - a potion of magic
 J - a potion of stabbing


   Skills:
 + Level 8.2 Fighting
 + Level 6.6 Short Blades
 + Level 6.6 Long Blades
 + Level 6.6 Axes
 + Level 6.6 Maces & Flails
 + Level 8.2 Polearms
 + Level 6.6 Staves
 + Level 6.6 Slings
 + Level 6.6 Bows
 + Level 6.6 Crossbows
 + Level 7.2 Throwing
 + Level 7.2 Armour
 + Level 8.2 Dodging
 + Level 6.6 Stealth
 + Level 6.6 Shields
 + Level 6.6 Unarmed Combat
 + Level 8.4 Spellcasting
 + Level 5.5 Conjurations
 + Level 5.5 Hexes
 + Level 5.5 Summonings
 + Level 5.5 Necromancy
 + Level 7.9 Translocations
 + Level 5.5 Transmutations
 + Level 5.5 Fire Magic
 + Level 5.5 Ice Magic
 + Level 5.5 Air Magic
 + Level 5.5 Earth Magic
 + Level 5.5 Poison Magic
 + Level 7.3 Invocations
 + Level 6.6 Evocations


You had 21 spell levels left.
You knew the following spells:

 Your Spells              Type           Power        Failure   Level
a - Blink                 Tloc           N/A          2%          2
b - Teleport Other        Tloc           #####...     4%          3

Your spell library contained the following spells:

 Spells                   Type           Power        Failure   Level
 Corona                   Hex            ####...      4%          1
 Gell's Gravitas          Tloc           #####.....   4%          3
 Lesser Beckoning         Tloc           #####.....   4%          3
 Passage of Golubria      Tloc           N/A          17%         4


Dungeon Overview and Level Annotations

Branches:
Dungeon (9/15)             Temple (1/1) D:5            Lair (2/6) D:8
  Sewer (visited)
  Swamp: Lair:2-4    Shoals: Lair:2-4     Snake: Lair:2-4    Spider: Lair:2-4
    Orc: D:9-12

Altars:
Ashenzari
Cheibriados
Elyvilon
Gozag
Hepliaklqana
Kikubaaqudgha
Makhleb
Nemelex Xobeh
Okawaru
Qazlal
Ru
Sif Muna
Vehumet
Xom
Zin

Shops:
D:8 (   Temple *


Innate Abilities, Weirdness & Mutations

Your experience applies equally to all skills.
You have very sharp teeth.
Your uncanny sense of smell can sniff out nearby items.
You are agile. (Dex +2)
You possess an exceptional clarity of mind.
Your magical capacity is low. (-10% MP)


Message History

The wolf closely misses you.
Your fire dragon scales prevents you from hitting the wolf.
The wolf is almost dead.
The wolf closely misses you. The wolf barely misses you.
You closely miss the wolf.
The wolf is almost dead.
You block the wolf's attack. The wolf bites you but does no damage.
You hit the wolf. You burn the wolf.
You kill the wolf!
You slash the manticore! You burn the manticore.
The manticore is almost dead.
The manticore bites you!
* * * LOW HITPOINT WARNING * * *
The manticore barely misses you. The manticore closely misses you.
You hit the manticore but do no damage.
You bite the manticore, but do no damage.
The manticore is almost dead.
The manticore bites you!
You die...
Your body crumbles into a pile of gold.

... .... #. ....
+#.###..# ### #
....#....#.. #.#.
........+.. .....
.....#....#......
....#...+@.....#
........H#.....# .
#..#...#####.##
..######...### # #
.............#..
.................
#....................
#...........H........
.....................


You could see a manticore.

Vanquished Creatures
  4 hydras
  A two-headed ogre (D:9)
  Pikel (D:9)
  Joseph (D:7)
  2 cane toads
  A komodo dragon (Lair:2)
  A troll (D:9)
  7 blink frogs (Lair:1)
  A wyvern (D:9)
  3 yaks (Lair:1)
  A steam dragon (D:9)
  4 water moccasins
  2 sky beasts
  2 ice beasts
  3 black bears
  5 ogres
  7 wolves (Lair:2)
  A centaur (D:9)
  2 lemures (D:9)
  4 big kobolds
  11 bullfrogs
  A gnoll sergeant (D:9)
  A scorpion (D:7)
  A wyvern skeleton (D:6)
  5 wights (D:6)
  A water moccasin skeleton (D:9)
  An electric eel (D:9)
  3 howler monkeys
  A centaur zombie (D:8)
  A quasit (D:9)
  A lava snake (D:9)
  A bullfrog skeleton (D:9)
  7 hounds
  2 orc priests (D:8)
  A jelly (D:9)
  A centaur skeleton (D:9)
  3 orc wizards
  An iguana (D:9)
  3 worker ants
  A hound zombie (D:8)
  A hound skeleton (D:6)
  2 worker ant zombies (D:5)
  4 gnolls
  12 adders
  3 river rats (Sewer)
  2 shadow imps (D:6)
  3 white imps
  3 ufetubi
  2 oozes
  3 worms
  2 dart slugs
  7 leopard geckos
  14 orcs
  4 bats
  9 giant cockroaches
  9 hobgoblins
  15 jackals
  4 quokkas
  3 ball pythons
  6 frilled lizards
  7 goblins
  20 kobolds
  A leopard gecko zombie (D:7)
  A quokka skeleton (D:9)
  7 rats
244 creatures vanquished.

Vanquished Creatures (others)
  A kobold (Sewer)
  19 fungi
  32 plants
52 creatures vanquished.

Grand Total: 296 creatures vanquished

Notes
Turn   | Place    | Note
-------+----------+-------------------------------------------
     0 | D:1      | jiml777 the Gnoll Warper began the quest for the Orb.
     0 | D:1      | Reached XP level 1. HP: 20/20 MP: 6/6
   223 | D:1      | Reached XP level 2. HP: 22/26 MP: 7/7
   433 | D:1      | Reached skill level 5 in Spellcasting
   433 | D:1      | Reached XP level 3. HP: 12/31 MP: 7/9
   971 | D:1      | Reached skill level 1 in Invocations
  1234 | D:2      | Found a snail-covered altar of Cheibriados.
  1237 | D:2      | Reached skill level 1 in Short Blades
  1237 | D:2      | Reached skill level 1 in Long Blades
  1237 | D:2      | Reached skill level 1 in Axes
  1237 | D:2      | Reached skill level 1 in Maces & Flails
  1237 | D:2      | Reached skill level 1 in Staves
  1237 | D:2      | Reached skill level 1 in Slings
  1237 | D:2      | Reached skill level 1 in Bows
  1237 | D:2      | Reached skill level 1 in Crossbows
  1237 | D:2      | Reached skill level 1 in Stealth
  1237 | D:2      | Reached skill level 1 in Shields
  1237 | D:2      | Reached skill level 1 in Unarmed Combat
  1237 | D:2      | Reached skill level 1 in Evocations
  1440 | D:2      | Reached XP level 4. HP: 38/38 MP: 11/11
  1841 | D:2      | Reached skill level 1 in Conjurations
  1841 | D:2      | Reached skill level 1 in Hexes
  1841 | D:2      | Reached skill level 1 in Summonings
  1841 | D:2      | Reached skill level 1 in Necromancy
  1841 | D:2      | Reached skill level 1 in Transmutations
  1841 | D:2      | Reached skill level 1 in Fire Magic
  1841 | D:2      | Reached skill level 1 in Ice Magic
  1841 | D:2      | Reached skill level 1 in Air Magic
  1841 | D:2      | Reached skill level 1 in Earth Magic
  1841 | D:2      | Reached skill level 1 in Poison Magic
  2297 | D:3      | Found a shimmering blue altar of Sif Muna.
  2297 | D:3      | Found an ancient bone altar of Kikubaaqudgha.
  2299 | D:3      | Found a radiant altar of Vehumet.
  2303 | D:3      | Identified Sif Muna's Incunabulum of Enchantment
  2462 | D:3      | Found a shimmering altar of Xom.
  2468 | D:3      | Reached XP level 5. HP: 43/43 MP: 12/12
  2823 | D:4      | You fall into a shaft and drop 1 floor!
  2823 | D:5      | Entered Level 5 of the Dungeon
  2926 | D:5      | Found a staircase to the Ecumenical Temple.
  2936 | Temple   | Entered the Ecumenical Temple
  2946 | Temple   | Became a worshipper of Gozag Ym Sagoz the Greedy
  3183 | D:5      | Noticed an ogre
  3192 | D:5      | Killed an ogre
  3192 | D:5      | Reached XP level 6. HP: 31/50 MP: 14/14
  3370 | D:5      | Reached skill level 5 in Fighting
  3370 | D:5      | Reached skill level 5 in Polearms
  3370 | D:5      | Reached skill level 5 in Dodging
  3383 | D:5      | Noticed a sky beast
  3400 | D:5      | Killed a sky beast
  3685 | D:5      | Found a burning altar of Makhleb.
  3841 | D:6      | Noticed an air elemental
  3843 | D:6      | Found a stormy altar of Qazlal.
  3844 | D:6      | Noticed a water elemental
  3844 | D:6      | Noticed a fire elemental
  3861 | D:6      | Reached XP level 7. HP: 55/56 MP: 15/15
  3907 | D:6      | Found a glowing drain.
  3939 | Sewer    | Entered a sewer
  5207 | D:6      | Reached XP level 8. HP: 55/63 MP: 16/16
  5408 | D:6      | Found an iron altar of Okawaru.
  6211 | D:4      | Learned a level 2 spell: Blink
  6786 | D:4      | Found a sacrificial altar of Ru.
  6787 | D:4      | Found a stormy altar of Qazlal.
  6889 | D:7      | Noticed Joseph
  6907 | D:7      | Killed Joseph
  6907 | D:7      | Reached XP level 9. HP: 54/69 MP: 18/18
  7458 | D:8      | Reached skill level 5 in Throwing
  7458 | D:8      | Reached skill level 5 in Armour
  7671 | D:8      | Found a burning altar of Makhleb.
  7689 | D:8      | Found Febban's Antique Weapon Boutique.
  7761 | D:8      | Found a staircase to the Lair.
  8233 | D:9      | Reached skill level 5 in Invocations
  8705 | D:9      | Found a white marble altar of Elyvilon.
  8722 | D:9      | Reached XP level 10. HP: 74/77 MP: 20/20
  8873 | D:9      | Noticed a two-headed ogre
  8894 | D:9      | Killed a two-headed ogre
  8894 | D:9      | Reached skill level 5 in Short Blades
  8894 | D:9      | Reached skill level 5 in Long Blades
  8894 | D:9      | Reached skill level 5 in Axes
  8894 | D:9      | Reached skill level 5 in Maces & Flails
  8894 | D:9      | Reached skill level 5 in Staves
  8894 | D:9      | Reached skill level 5 in Slings
  8894 | D:9      | Reached skill level 5 in Bows
  8894 | D:9      | Reached skill level 5 in Crossbows
  8894 | D:9      | Reached skill level 5 in Stealth
  8894 | D:9      | Reached skill level 5 in Shields
  8894 | D:9      | Reached skill level 5 in Unarmed Combat
  8894 | D:9      | Reached skill level 5 in Evocations
  8910 | D:9      | Noticed Pikel
  8950 | D:9      | Killed Pikel
  9571 | D:9      | Found a broken altar of Ashenzari.
  9623 | D:9      | Found a sparkling altar of Nemelex Xobeh.
 10349 | Temple   | Bought an ichor-stained shortbow for 240 gold pieces
 10349 | Temple   | Identified the +2 shortbow of Vimef {vorpal, Dex+2 Stlth+}
                  | (You bought it in a shop in the Ecumenical Temple)
 10360 | Temple   | Gained mutation: You are agile. (Dex +2) [potion of
                  | mutation]
 10360 | Temple   | Lost mutation: You are agile. (Dex +2) [potion of mutation]
 10360 | Temple   | Gained mutation: Your spells are a little harder to cast,
                  | but a little more powerful. [potion of mutation]
 10361 | Temple   | Lost mutation: Your spells are a little harder to cast, but
                  | a little more powerful. [potion of mutation]
 10361 | Temple   | Gained mutation: Your magical capacity is low. (-10% MP)
                  | [potion of mutation]
 10361 | Temple   | Gained mutation: You possess an exceptional clarity of
                  | mind. [potion of mutation]
 10361 | Temple   | Gained mutation: You are agile. (Dex +2) [potion of
                  | mutation]
 10437 | Lair:1   | Entered Level 1 of the Lair of Beasts
 10582 | Lair:1   | Noticed a six-headed hydra
 10599 | Lair:1   | Killed a one-headed hydra
 10900 | Lair:1   | Learned a level 3 spell: Teleport Other
 10991 | Lair:1   | Reached XP level 11. HP: 84/84 MP: 20/20
 11368 | Lair:1   | Reached skill level 5 in Conjurations
 11368 | Lair:1   | Reached skill level 5 in Hexes
 11368 | Lair:1   | Reached skill level 5 in Summonings
 11368 | Lair:1   | Reached skill level 5 in Necromancy
 11368 | Lair:1   | Reached skill level 5 in Transmutations
 11368 | Lair:1   | Reached skill level 5 in Fire Magic
 11368 | Lair:1   | Reached skill level 5 in Ice Magic
 11368 | Lair:1   | Reached skill level 5 in Air Magic
 11368 | Lair:1   | Reached skill level 5 in Earth Magic
 11368 | Lair:1   | Reached skill level 5 in Poison Magic
 11662 | Lair:1   | Noticed a four-headed hydra
 11674 | Lair:1   | Killed a one-headed hydra
 11760 | Lair:1   | Noticed a six-headed hydra
 11772 | Lair:1   | Killed a one-headed hydra
 12130 | Lair:2   | Noticed a six-headed hydra
 12139 | Lair:2   | Killed a one-headed hydra
 12783 | Lair:2   | Noticed a manticore
 12956 | Lair:2   | Slain by a manticore

Illustrated notes

Levels and vault maps discovered:
D:1:      nicolae_arrival_somewhat_less_tricky_arrival, layout_basic,
          minmay_indecisive_spiral
D:2:      layout_loops_ring, old_standard_altar
D:3:      layout_loops_cross, grunt_temple_overflow_magic_moments,
          old_standard_altar
D:4:      layout_gridville, gammafunk_temple_overflow_statue
D:5:      cheibrodos_barr_body, layout_basic, nicolae_overflow_crystal_walls,
          minmay_temple_entry_arrows
D:6:      layout_loops_corners, gup_sewer_entry_pipe, basic_altar,
          nicolae_qazlal_style_of_elements
D:7:      layout_rooms, minmay_fractal_squares_5, uniq_joseph
D:8:      layout_cave_pools, dpeg_oklobed_lair, serial_shops,
          nicolae_shop_statue_plus, lemuel_statue_altar
D:9:      layout_basic, nemelex_xobeh_ov_fountains_minmay, elyvilon_altar_5,
          old_standard_altar, kennysheep_cross_bottleneck, minivault_4,
          uniq_pikel
Temple:   jpeg_temple_clearing
Lair:1:   layout_regular_city, chequers_serial_rivers_micro_c,
          lemuel_fruit_fields, infiniplex_staircase_pool_2
Lair:2:   layout_regular_city, minmay_shoals_entry_beasts

Skill      XL: |  1  2  3  4  5  6  7  8  9 10 11 |
---------------+----------------------------------+-----
Spellcasting   | 5 6 7 8 |  8.4
Invocations    | 1 2 3 4 5 6 7 |  7.3
Short Blades   | 1 2 4 5 6 |  6.6
Long Blades    | 1 2 4 5 6 |  6.6
Axes           | 1 2 4 5 6 |  6.6
Maces & Flails | 1 2 4 5 6 |  6.6
Staves         | 1 2 4 5 6 |  6.6
Slings         | 1 2 4 5 6 |  6.6
Bows           | 1 2 4 5 6 |  6.6
Crossbows      | 1 2 4 5 6 |  6.6
Stealth        | 1 2 4 5 6 |  6.6
Shields        | 1 2 4 5 6 |  6.6
Unarmed Combat | 1 2 4 5 6 |  6.6
Evocations     | 1 2 4 5 6 |  6.6
Conjurations   | 1 2 3 4 5 |  5.5
Hexes          | 1 2 3 4 5 |  5.5
Summonings     | 1 2 3 4 5 |  5.5
Necromancy     | 1 2 3 4 5 |  5.5
Transmutations | 1 2 3 4 5 |  5.5
Fire Magic     | 1 2 3 4 5 |  5.5
Ice Magic      | 1 2 3 4 5 |  5.5
Air Magic      | 1 2 3 4 5 |  5.5
Earth Magic    | 1 2 3 4 5 |  5.5
Poison Magic   | 1 2 3 4 5 |  5.5
Throwing       | 3 4 5 6 7 |  7.2
Armour         | 3 4 5 6 7 |  7.2
Fighting       | 5 6 7 8 |  8.2
Polearms       | 5 6 7 8 |  8.2
Dodging        | 5 6 7 8 |  8.2
Translocations | 6 7 |  7.9

Action                   |  1- 3 |  4- 6 |  7- 9 | 10-12 || total
-------------------------+-------+-------+-------+-------++-------
Melee: Spear             |    86 |       |       |       ||    86
       Bite              |     9 |    17 |    37 |    55 ||   118
       Dagger            |    26 |   127 |       |       ||   153
       Whip              |       |    66 |   389 |   174 ||   629
       Punch             |       |     2 |     5 |    11 ||    18
       Hand axe          |       |       |       |   220 ||   220
Throw: Dart              |       |       |    18 |    42 ||    60
 Cast: Blink             |       |       |     1 |     6 ||     7
Invok: Call Merchant     |       |       |       |     1 ||     1
  Use: Scroll            |       |    10 |     7 |     5 ||    22
       Potion            |       |       |     4 |     5 ||     9
 Stab: Distracted        |       |       |     4 |     3 ||     7
       Invisible         |       |       |       |     2 ||     2
       Sleeping          |       |       |       |     2 ||     2
Armor: Leather armour    |    13 |       |       |       ||    13
       Fire dragon scale |     4 |    72 |   156 |   162 ||   394
Dodge: Dodged            |    80 |    86 |   190 |   226 ||   582
Block: Other             |       |    27 |    93 |    96 ||   216
       Reflection        |       |       |     5 |     1 ||     6

Table legend: (Time is in decaauts)
 A = Elapsed time spent in this place.
 B = Non-inter-level travel time spent in this place.
 C = Inter-level travel time spent in this place.
 D = Time resting spent in this place.
 E = Time spent auto-exploring this place.
 F = Levels seen in this place.
 G = Mean time per level.
                   A        B        C        D        E       F      G
               +--------+--------+--------+--------+--------+-----+--------+
         Total |  12971 |  12607 |    364 |   3549 |   5355 |  13 |  997.8 |
       Dungeon |   9134 |   8791 |    343 |   1562 |   4595 |   9 | 1014.9 |
        Temple |     47 |     40 |      7 |      0 |      4 |   1 |   47.0 |
          Lair |   2501 |   2489 |     12 |   1330 |    504 |   2 | 1250.5 |
         Sewer |   1288 |   1288 |      0 |    657 |    252 |   1 | 1288.0 |
               +--------+--------+--------+--------+--------+-----+--------+

Top non-repeatable levels by time:
     D:9: 2117 daAuts
  Lair:1: 1672 daAuts
   Sewer: 1288 daAuts
     D:1: 1210 daAuts
     D:6: 1122 daAuts
     D:5: 1082 daAuts
     D:2: 895 daAuts
  Lair:2: 829 daAuts
     D:8: 715 daAuts
     D:3: 697 daAuts
     D:4: 680 daAuts
     D:7: 612 daAuts
  Temple: 47 daAuts
